AoeStats
← FlyingDP

MegaRandom

509416829Analyzed
3v3 RM · 5d ago on Sep 26, 2026· 26m 2s· 6 players
Game mode
Random Map
Map size
Normal (6 player)
Population
200
Speed
Normal
Resources
Standard
Victory
Conquest
Starting age
Dark Age
Ending age
Imperial Age
RankedLock teamsTeams togetherTeam positionsShared explorationLock speedFull tech treeHidden civsTurbo modeCheats
Victory
Defeat
🇬🇧 Cumans · United Kingdom
1147
+15
🇲🇽 Mongols · Mexico
1132
+16
🇲🇽 Burmese · Mexico
1117
+16
🇺🇸 Wei · United States
1138
-16
🇺🇸 Mongols · United States
1135
-16
🇺🇸 Ethiopians · United States
1097
-15
CrisMAT9
7:59 Loom
8:15 Loom
11:45 Feudal Age
12:17 Man-at-Arms
13:21 Forging
19:26 Arson
21:45 Castle Age
20:55 Fletching
20:58 Stone Mining
21:02 Gold Mining
21:42 Padded Archer Armor
22:39 Bodkin Arrow
25:14 Gold Shaft Mining
Superpajarraco
6:49 Loom
11:49 Feudal Age
13:37 Double-Bit Axe
16:19 Castle Age
15:10 Forging
14:51 Horse Collar
16:10 Bloodlines
18:35 Husbandry
18:44 Scale Barding Armor
20:22 Bow Saw
20:36 Town Watch
21:16 Medium Warships
A-G-O-14
3:44 Loom
12:43 Feudal Age
13:26 Double-Bit Axe
14:30 Man-at-Arms
24:22 Castle Age
Dilly Dilly
2:34 Loom
12:23 Feudal Age
14:12 Wheelbarrow
14:15 Bloodlines
15:42 Double-Bit Axe
18:33 Castle Age
17:58 Stone Mining
18:34 Bloodlines
19:58 Stone Shaft Mining
FlyingDP
11:52 Feudal Age
15:59 Castle Age
19:00 Loom
20:44 Double-Bit Axe
20:54 Stone Mining
21:20 Scale Barding Armor
22:17 Wheelbarrow
25:22 Chain Barding Armor
25:13 Forging
ShallotForBrains
3:55 Loom
11:49 Feudal Age
13:38 Double-Bit Axe
17:00 Castle Age
18:01 Crossbowman
Connection lost

Rejoining the realm…

Still unreachable

The connection could not be restored.

Session expired

The server has moved on; the page needs a fresh start.